 Dungeon Crawl Stone Soup version 0.18-a0-1390-gc02854d (webtiles) character file.

39599 Slowtrain the Thaumaturge (level 14, -11/68 HPs)
             Began as a Vine Stalker Wizard on Feb 20, 2016.
             Was a High Priest of Vehumet.
             Mangled by a komodo dragon (21 damage)
             ... on level 7 of the Lair of Beasts on Feb 22, 2016.
             The game lasted 03:19:23 (23620 turns).

Slowtrain the Thaumaturge (Vine Stalker Wizard)    Turns: 23620, Time: 03:19:24

Health: -11/68     AC:  9    Str:  9    XL:     14   Next: 7%
Magic:  0/29       EV: 14    Int: 21    God:    Vehumet [*****.]
Gold:   1245       SH:  5    Dex: 16    Spells: 12 memorised, 5 levels left

rFire  . . .     SeeInvis .     S - +1 scimitar (flame)
rCold  . . .     Gourm    +     D - +0 leather armour
rNeg   . . .     Faith    .     C - +0 buckler
rPois  .         Spirit   +     y - +0 helmet
rElec  .         Dismiss  .     V - +2 cloak
rCorr  +         Reflect  .     (no gloves)
SustAt .         Harm     .     K - +1 pair of boots
MR     ++...                    r - amulet of the gourmand
Stlth  +++.......               g - ring of resist corrosion
                                t - ring of protection from magic

@: repel missiles, very resistant to hostile enchantments, fairly stealthy
A: fangs 3, regeneration 3, magic shield, antimagic bite, no device heal 3, rot
immunity
a: Renounce Religion


You were on level 7 of the Lair of Beasts.
You worshipped Vehumet.
Vehumet was extremely pleased with you.
You were very full.

You visited 3 branches of the dungeon, and saw 20 of its levels.

You collected 1368 gold pieces.
You spent 123 gold pieces at shops.

Inventory:

Hand Weapons
 b - a +0 trident of venom
 v - a +0 blowgun
 S - a +1 scimitar of flaming (weapon)
Missiles
 e - 450 stones (quivered)
 p - a throwing net
 G - 3 curare-tipped needles
Armour
 y - a +0 helmet (worn)
 C - a +0 buckler (worn)
 D - a +0 leather armour (worn)
 K - a +1 pair of boots (worn)
 V - a +2 cloak (worn)
Jewellery
 f - an uncursed amulet of regeneration {unknown}
 g - a ring of resist corrosion (right hand)
 o - an uncursed ring of positive energy
 r - an amulet of the gourmand (around neck)
 t - a ring of protection from magic (left hand)
 u - a +5 ring of intelligence
 w - an uncursed ring of poison resistance
 F - an uncursed ring of ice
 U - an uncursed ring of teleportation
Wands
 i - a wand of acid (2/15)
 E - a wand of digging (15/24)
 I - a wand of acid (4/15)
 J - a wand of digging (8/24)
 Q - a wand of enslavement (13/24)
 R - a wand of teleportation (4/9)
 T - a wand of lightning (4/15)
Scrolls
 j - a scroll of blinking
 m - 7 scrolls of remove curse
 s - 3 scrolls of fear
 x - 3 scrolls of teleportation
 B - 2 scrolls of summoning
 N - 3 scrolls of amnesia
 W - 6 scrolls of magic mapping
Potions
 c - a potion of resistance
 k - 3 potions of might
 l - 7 potions of lignification
 n - 3 potions of brilliance
 L - 2 potions of curing
 M - 2 potions of flight
 P - 5 potions of haste
 X - a potion of cancellation
Books
 a - a book of Party Tricks

   Spells                             Type                      Level
   a - Summon Butterflies             Summoning                    1
   b - Apportation                    Translocation                1
   c - Tukima's Dance                 Hexes                        3
   d - Alistair's Intoxication        Transmutation/Poison         5
   e - Invisibility                   Hexes                        6
 q - a book of Frost

   Spells                             Type                      Level
   a - Freeze                         Ice                          1
   b - Throw Frost                    Conjuration/Ice              2
   c - Ozocubu's Armour               Charms/Ice                   3
   d - Throw Icicle                   Conjuration/Ice              4
   e - Summon Ice Beast               Ice/Summoning                4
 O - a book of Death

   Spells                             Type                      Level
   a - Corpse Rot                     Necromancy                   2
   b - Sublimation of Blood           Necromancy                   2
   c - Agony                          Necromancy                   5
   d - Dispel Undead                  Necromancy                   5
   e - Excruciating Wounds            Charms/Necromancy            5
   f - Bolt of Draining               Conjuration/Necromancy       5
Miscellaneous
 z - a stone of tremors
 H - a lamp of fire
Comestibles
 d - 9 bread rations
 h - 10 meat rations
 A - a royal jelly
 Y - 48 fruits


   Skills:
 + Level 5.2 Fighting
 - Level 10.0 Long Blades
 - Level 4.7 Dodging
 - Level 5.1 Stealth
 - Level 4.0 Shields
 - Level 10.1 Spellcasting
 - Level 10.0 Conjurations
 - Level 3.0 Summonings
 - Level 4.0 Translocations
 - Level 3.0 Fire Magic
 - Level 6.5 Ice Magic
 + Level 7.1 Air Magic
 - Level 4.1 Poison Magic
 - Level 5.0 Evocations


You had 5 spell levels left.
You knew the following spells:

 Your Spells              Type           Power        Failure   Level  Hunger
a - Magic Dart            Conj           ####         1%          1    None
b - Call Imp              Summ           ###.....     4%          2    None
c - Conjure Flame         Conj/Fire      #####...     1%          3    None
d - Mephitic Cloud        Conj/Pois/Air  #####...     1%          3    None
e - Blink                 Tloc           N/A          2%          2    None
f - Sting                 Conj/Pois      ####         1%          1    None
g - Throw Flame           Conj/Fire      #####.       1%          2    None
h - Throw Icicle          Conj/Ice       #####...     1%          4    ##.....
i - Repel Missiles        Chrm/Air       ####..       3%          2    None
j - Conjure Ball Lightni  Conj/Air       #####.....   12%         6    ######.
k - Animate Skeleton      Necr           N/A          10%         1    None
l - Apportation           Tloc           ####......   1%          1    None


Dungeon Overview and Level Annotations

Branches:
Dungeon (12/15)            Temple (1/1) D:4            Lair (7/8) D:8
  Swamp (0/4) Lair:6        Snake (0/4) Lair:3          Orc (0/2) D:9
  Slime: Lair:6-8

Altars:
Ashenzari
Cheibriados
Dithmenos
Elyvilon
Fedhas
Gozag
Kikubaaqudgha
Nemelex Xobeh
Okawaru
Pakellas
Qazlal
Ru
Sif Muna
Trog
Vehumet
Xom
Yredelemnul
Zin
The Shining One

Shops:
D:6 !   D:7 *

Annotations:
D:5 Azzok's ghost, novice SpEn
D:11 exclusion: ice statue
Lair:4 exclusion: 2 oklob plants


Innate Abilities, Weirdness & Mutations

You have razor-sharp teeth.
You regenerate.
When hurt, damage is shared between your health and your magic reserves.
Your bite disrupts and absorbs the magic of your enemies.
Potions and wands cannot restore your health.
You are immune to rotting.


Message History

The sheep is almost dead.
The komodo dragon bites you.
You slash the sheep! You burn the sheep.
You kill the sheep!
Vehumet accepts your kill.
You feel your power returning.
Your leather armour prevents you from hitting the komodo dragon.
The komodo dragon is heavily wounded.
The sheep bites the fungus!
You slash the komodo dragon! You burn the komodo dragon.
The komodo dragon is almost dead.
The komodo dragon bites you!!
You closely miss the komodo dragon. Your bite misses the komodo dragon.
The komodo dragon is almost dead.
The sheep bites the fungus!
The komodo dragon bites you!
* * * LOW HITPOINT WARNING * * *
You barely miss the komodo dragon.
The komodo dragon is severely wounded.
The sheep bites the fungus!
The komodo dragon bites you!!
You die...

#.......#..............
##.....................
#...........PP........
.#...........#.......
..............†#†.#
................#
#PP............##
##..#..........###
.............Yl@#
..............PP#
....................
.....................
......................
...P..................
...##................#
.# ##.............##.


You could see a komodo dragon and a sheep.

Vanquished Creatures
  Snorg (D:10)
  Erolcha (D:10)
  2 hydras
  Erica (D:9)
  6 death yaks (Lair:5)
  A hill giant (D:11)
  2 ugly things (D:11)
  4 oklob plants (Lair:3)
  17 elephants
  A cyclops (D:11)
  A black mamba (Lair:4)
  A centaur skeleton (D:10)
  9 spiny frogs
  8 komodo dragons
  2 fire drakes
  11 blink frogs
  A hill giant zombie (D:9)
  6 wyverns
  22 yaks
  2 basilisks
  5 hippogriffs
  2 hungry ghosts (D:9)
  Edmund (D:4)
  5 nagas (Lair:3)
  11 water moccasins
  9 porcupines
  2 orc warriors
  4 ice beasts
  2 sky beasts
  A wasp (D:9)
  6 ogres
  2 phantoms
  4 black bears
  5 centaurs
  12 crocodiles
  18 giant frogs
  3 elf skeletons (D:4)
  4 scorpions
  2 troll zombies (D:9)
  5 killer bees (D:8)
  4 wights (D:11)
  3 vampire bats (Lair:2)
  6 crimson imps
  3 giant frog zombies
  A quasit (D:11)
  A human zombie (D:4)
  7 hounds
  4 orc priests
  Crazy Yiuf (D:7)
  A jelly (D:6)
  A giant frog skeleton (D:10)
  6 iguanas
  8 orc wizards
  15 worker ants
  2 killer bee zombies
  12 sheep
  3 ogre zombies (D:9)
  A giant frog simulacrum (D:11)
  2 hound zombies (D:6)
  2 hound skeletons
  A worker ant zombie (D:7)
  10 adders
  17 river rats
  A hound simulacrum (D:11)
  A shadow imp (D:6)
  A worker ant simulacrum (D:11)
  An ufetubus (D:11)
  2 adder zombies
  An adder skeleton (D:8)
  A worm (D:6)
  6 giant geckos
  27 orcs
  5 giant cockroaches
  13 goblins
  10 hobgoblins
  25 jackals
  9 kobolds
  6 quokkas
  4 ball pythons
  14 bats
  6 giant newts
  A goblin skeleton (D:9)
  A hobgoblin skeleton (D:9)
  2 hobgoblin zombies (D:9)
  3 orc skeletons
  14 orc zombies (D:9)
  9 rats
  A fungus (D:8)
477 creatures vanquished.

Vanquished Creatures (collateral kills)
  An elephant (Lair:6)
  A porcupine (Lair:6)
  A crocodile (Lair:6)
  A hound (D:3)
  2 worker ants (D:4)
  A hound skeleton (D:4)
  3 gnolls (D:2)
  2 river rats (Lair:6)
  3 adders
  A shadow imp (D:6)
  3 jackals (D:1)
19 creatures vanquished.

Vanquished Creatures (others)
  5 fungi
  3 plants
8 creatures vanquished.

Grand Total: 504 creatures vanquished

Notes
Turn   | Place    | Note
--------------------------------------------------------------
     0 | D:1      | Slowtrain the Vine Stalker Wizard began the quest for the Orb.
     0 | D:1      | Reached XP level 1. HP: 9/9 MP: 5/5
   205 | D:1      | Reached XP level 2. HP: 8/13 MP: 0/7
   280 | D:1      | Learned a level 2 spell: Call Imp
   839 | D:1      | Reached XP level 3. HP: 16/16 MP: 4/8
  1796 | D:2      | Reached XP level 4. HP: 21/21 MP: 6/9
  2468 | D:2      | Learned a level 3 spell: Conjure Flame
  2862 | D:2      | Learned a level 3 spell: Mephitic Cloud
  2931 | D:3      | Reached XP level 5. HP: 24/24 MP: 2/10
  3193 | D:3      | Reached skill level 1 in Fire Magic
  3723 | D:3      | Gained mutation: You heal very quickly. [Vine Stalker growth]
  3723 | D:3      | Reached XP level 6. HP: 15/28 MP: 4/11
  3971 | D:4      | Found a sacrificial altar of Ru.
  4375 | D:4      | Found a staircase to the Ecumenical Temple.
  4382 | Temple   | Entered the Ecumenical Temple
  4390 | Temple   | Became a worshipper of Vehumet
  4650 | D:4      | Reached skill level 5 in Conjurations
  4794 | D:4      | Reached XP level 7. HP: 28/32 MP: 7/12
  4876 | D:4      | Noticed Edmund
  4976 | D:4      | Killed Edmund
  4976 | D:4      | Reached skill level 1 in Air Magic
  4976 | D:4      | Reached skill level 1 in Poison Magic
  5399 | D:5      | Entered Level 5 of the Dungeon
  5419 | D:5      | Noticed Azzok's ghost (novice SpEn)
  5580 | D:5      | Learned a level 2 spell: Blink
  5604 | D:5      | Reached * piety under Vehumet
  5604 | D:5      | Offered knowledge of Sting by Vehumet.
  5607 | D:5      | Learned a level 1 spell: Sting
  5797 | D:5      | Gained mutation: You have razor-sharp teeth. [Vine Stalker growth]
  5797 | D:5      | Reached XP level 8. HP: 36/36 MP: 9/13
  5984 | D:5      | Found an ancient bone altar of Kikubaaqudgha.
  5985 | D:5      | Found a blossoming altar of Fedhas.
  6342 | D:6      | Found a glowing silver altar of Zin.
  6713 | D:6      | Reached skill level 5 in Spellcasting
  6734 | D:6      | Found an iron altar of Okawaru.
  6813 | D:6      | Got a scintillating graven amulet
  7070 | D:6      | Identified the amulet of Sixtan {Inacc +Fly rC+ MR+ Dex-4} (You found it on level 6 of the Dungeon)
  7336 | D:6      | Found a snail-covered altar of Cheibriados.
  7396 | D:6      | Reached XP level 9. HP: 39/39 MP: 9/19
  7466 | D:6      | Reached ** piety under Vehumet
  7466 | D:6      | Offered knowledge of Throw Flame by Vehumet.
  7470 | D:6      | Learned a level 2 spell: Throw Flame
  7496 | D:6      | Found Giptefos's Distillery.
  7549 | D:6      | Found a blossoming altar of Fedhas.
  8001 | D:7      | Found Noorag's General Store.
  8028 | D:7      | Bought a scroll of blinking for 97 gold pieces
  8028 | D:7      | Bought a scroll of identify for 26 gold pieces
  8587 | D:7      | Found an oddly glowing altar of Pakellas.
  8588 | D:7      | Found a stormy altar of Qazlal.
  8588 | D:7      | Found a bloodstained altar of Trog.
  8590 | D:7      | Found a deep blue altar of Sif Muna.
  8593 | D:7      | Found a shattered altar of Ashenzari.
  8647 | D:7      | Offered knowledge of Dazzling Spray by Vehumet.
  8758 | D:7      | Got an ivory mace
  8763 | D:7      | Noticed Crazy Yiuf
  8774 | D:7      | Killed Crazy Yiuf
  9084 | D:7      | Learned a level 4 spell: Throw Icicle
  9126 | D:8      | Reached *** piety under Vehumet
  9200 | D:8      | Reached skill level 1 in Ice Magic
  9339 | D:8      | Reached XP level 10. HP: 38/44 MP: 17/20
  9384 | D:8      | Found a staircase to the Lair.
  9592 | D:8      | Offered knowledge of Fulminant Prism by Vehumet.
  9784 | D:8      | Reached skill level 5 in Ice Magic
 10082 | D:8      | Found a blossoming altar of Fedhas.
 10092 | D:8      | Reached skill level 1 in Fighting
 10231 | D:9      | Upgraded the game from 0.18-a0-1361-g9293dd1 to 0.18-a0-1372-gd644665
 10244 | D:9      | Noticed Erica
 10257 | D:9      | Killed Erica
 10372 | D:9      | Learned a level 2 spell: Repel Missiles
 10464 | D:9      | Reached **** piety under Vehumet
 10505 | D:9      | Found a staircase to the Orcish Mines.
 10545 | D:9      | Offered knowledge of Irradiate by Vehumet.
 11160 | D:10     | Entered Level 10 of the Dungeon
 11231 | D:10     | Reached XP level 11. HP: 40/54 MP: 21/21
 11319 | D:10     | Reached skill level 1 in Shields
 11664 | D:10     | Noticed Erolcha
 11773 | D:10     | Noticed Snorg
 11794 | D:10     | Killed Snorg
 11997 | D:10     | Killed Erolcha
 12286 | D:11     | Noticed a green ugly thing
 12304 | D:11     | Killed a green ugly thing
 12417 | D:11     | Noticed a red ugly thing
 12436 | D:11     | Killed a purple ugly thing
 12458 | D:11     | Found a frozen archway.
 12792 | D:11     | Noticed a cyclops
 12832 | D:11     | Killed a cyclops
 12967 | D:11     | Noticed a hill giant
 12989 | D:11     | Killed a hill giant
 12989 | D:11     | Reached skill level 5 in Long Blades
 13048 | D:11     | Reached ***** piety under Vehumet
 13056 | D:11     | Offered knowledge of Delayed Fireball by Vehumet.
 13879 | D:12     | Noticed a purple ugly thing
 13879 | D:12     | Noticed a red ugly thing
 14032 | Lair:1   | Entered Level 1 of the Lair of Beasts
 15359 | Lair:2   | Gained mutation: You regenerate. [Vine Stalker growth]
 15359 | Lair:2   | Reached XP level 12. HP: 25/59 MP: 7/22
 16508 | Lair:3   | Offered knowledge of Conjure Ball Lightning by Vehumet.
 17187 | Lair:3   | Found a staircase to the Snake Pit.
 17570 | Lair:3   | Reached skill level 10 in Long Blades
 18368 | Lair:3   | Reached skill level 5 in Stealth
 18500 | Lair:4   | Reached skill level 1 in Evocations
 19237 | Lair:4   | Reached skill level 5 in Evocations
 19375 | Lair:4   | Noticed a four-headed hydra
 19416 | Lair:4   | Killed a one-headed hydra
 19504 | Lair:4   | Reached XP level 13. HP: 63/63 MP: 8/23
 20356 | Lair:5   | Identified a scroll of acquirement
 20436 | Lair:5   | Reached skill level 10 in Conjurations
 21120 | Lair:5   | Learned a level 6 spell: Conjure Ball Lightning
 21394 | Lair:5   | Reached skill level 5 in Air Magic
 21535 | Lair:5   | Learned a level 1 spell: Animate Skeleton
 21670 | Lair:5   | Learned a level 1 spell: Apportation
 22140 | Lair:6   | Found a staircase to the Swamp.
 23221 | Lair:7   | Reached XP level 14. HP: 67/67 MP: 28/28
 23245 | Lair:7   | Reached skill level 5 in Fighting
 23322 | Lair:7   | Offered knowledge of Venom Bolt by Vehumet.
 23342 | Lair:7   | Reached skill level 10 in Spellcasting
 23586 | Lair:7   | Upgraded the game from 0.18-a0-1372-gd644665 to 0.18-a0-1390-gc02854d
 23620 | Lair:7   | Mangled by a komodo dragon

Vault maps used:
D:1:      dpeg_arrival_houses_and_road, minmay_misc_feat_roman, hex_large
D:2:      kennysheep_minor_cross, minmay_surrounded
D:4:      hangedman_ru_absence, minmay_temple_entry_statues_pillars,
          nicolae_ossuary_entry_catacombs, first_bread, uniq_edmund
D:5:      grunt_temple_overflow_growth_and_decay, makhleb_heckhound_becter,
          uniq_menkaure
D:6:      cheibrodos_worm_habitat, nicolae_overflow_crystal_walls,
          overflow_temple_1_default, serial_shops, shop, fedhas_altar_fruit_tree
D:7:      minitemple, serial_shops, shop, uniq_crazy_yiuf_cottage
D:8:      dpeg_oklobed_lair, hangedman_tree_tricks
D:9:      zombieorc1_lemuel, uniq_erica
D:10:     uniq_erolcha, uniq_snorg
D:11:     serial_ice, serial_ice_c, serial_ice_g, serial_ice_a, serial_ice_b,
          portal_ice_cave_entry_ice_statue_01, minmay_misc_feat_ornament
D:12:     basic_altar
Temple:   nicolae_temple_no_exploring_needed
Lair:2:   small_statue_intersection, roderic_batcave, st_stairs_7,
          beast_lair_carwin_3
Lair:3:   dpeg_oklob_gauntlet, minmay_snake_entry_guardpost_medium,
          grunt_forest_large_clearings
Lair:4:   minivault_11, dpeg_oklob_1
Lair:5:   beast_lair_carwin_8
Lair:6:   swamp_mist

Skill      XL: |  1  2  3  4  5  6  7  8  9 10 11 12 13 14 |
---------------+-------------------------------------------+-----
Fire Magic     | 1 |  3.0
Conjurations   | 4 5 6 7 9 10 | 10.0
Air Magic      | 1 5 |  7.1
Poison Magic   | 1 |  4.1
Spellcasting   | 5 10 | 10.1
Ice Magic      | 1 5 |  6.5
Fighting       | 1 5 |  5.2
Shields        | 1 |  4.0
Long Blades    | 5 10 | 10.0
Stealth        | 5 |  5.1
Evocations     | 5 |  5.0
Dodging        | |  4.7
Summonings     | |  3.0
Translocations | |  4.0

Action                   |  1- 3 |  4- 6 |  7- 9 | 10-12 | 13-15 || total
-------------------------+-------+-------+-------+-------+-------++-------
Melee: Unarmed           |    16 |       |       |       |       ||    16
       Dagger            |    53 |    82 |    16 |       |       ||   151
       Halberd           |       |    21 |    62 |       |       ||    83
       Flail             |       |       |    65 |       |       ||    65
       Trident           |       |       |   114 |   187 |       ||   301
       Scimitar          |       |       |       |   445 |   322 ||   767
Throw: Stone             |     3 |       |     1 |       |       ||     4
 Cast: Magic Dart        |    74 |    82 |    70 |     7 |     3 ||   236
       Call Imp          |     7 |    13 |    13 |       |       ||    33
       Conjure Flame     |       |     8 |    27 |    60 |    45 ||   140
       Mephitic Cloud    |       |       |    12 |     9 |       ||    21
       Sting             |       |       |   141 |   134 |   138 ||   413
       Blink             |       |       |     1 |     7 |     3 ||    11
       Throw Icicle      |       |       |     1 |   120 |    36 ||   157
       Throw Flame       |       |       |       |    15 |     1 ||    16
       Repel Missiles    |       |       |       |     3 |       ||     3
       Animate Skeleton  |       |       |       |       |    14 ||    14
Evoke: Wand              |       |       |       |    13 |       ||    13
       Stone of tremors  |       |       |       |     1 |       ||     1
  Use: Scroll            |       |     8 |     8 |    20 |     4 ||    40
       Potion            |       |       |     2 |     8 |       ||    10
 Stab: Confused          |       |       |     8 |     2 |       ||    10
       Sleeping          |       |       |     4 |     4 |     2 ||    10
       Invisible         |       |       |       |     1 |       ||     1
       Distracted        |       |       |       |       |     3 ||     3
  Eat: Chunk             |     3 |    11 |    25 |    46 |    18 ||   103
       Pizza             |       |       |       |     2 |       ||     2
       Beef jerky        |       |       |       |     1 |       ||     1
       Bread ration      |       |       |       |     1 |       ||     1
       Royal jelly       |       |       |       |     1 |       ||     1
